Zazza, neutral female human Tourist --------------- -------- # |.............| ----- |......| ----- |.............|############|...| |......| ---- |....########## -----.--------- #....| |......| |..| |...| # ## # |..<| |......| |..| |....# ### # # #####|...| |......| ---- |...|# # ### # # |...| --.----- |...|# #### # ### #-...|# # ---.-# ### # # ###--+--# ### # # #### ### ### # # # # ### # ### # ################## ###### # # # # ### #-.---- ### # ## # # # # ##################|....+######## ##### ####### # ------|- # #------------ ###|....|### # -+------ # -.----- |...)..+#####|..........|#####.....|# ##|......| ### |.....| |...):.| # #-..........| ------ |......| # |.....| |>..@..|#####|..........| |......| ##|.....| -------- #...........| -------- -.----- ------------ # # Zazza the Rambler Experience level: 1 Strength: 8 Dexterity: 13 Constitution: 12 Intelligence: 18 Wisdom: 7 Charisma: 18 Health: 0(10) Energy: 2(2) Def: 0 Gold: 0 Moves: 1879 Dungeon seed: SBg1bc3K9t1xPBoj Game ID: Zazza_1619439212 Your Inventory: Weapons a - 24 +2 darts s - 2 +0 orcish daggers (wielded) Armor e - an uncursed +0 Hawaiian shirt (being worn) Wands v - a wand of opening (0:5) Tools k - an uncursed skeleton key l - an expensive camera (0:61) y - an uncursed sack z - an uncursed bag of holding Contents of the bag of holding: 1143 gold pieces a blessed +0 dagger a cursed +0 dagger an uncursed +0 orcish ring mail an uncursed apple an uncursed egg 3 uncursed food rations 5 uncursed tripe rations a cursed scroll of earth an uncursed scroll of magic mapping an uncursed spellbook of force bolt a blessed potion of extra healing an uncursed potion of extra healing an uncursed potion of hallucination an uncursed potion of see invisible a cursed -1 ring of increase accuracy an uncursed credit card a magic marker (0:95) an uncursed tin whistle an uncursed topaz stone an uncursed worthless piece of red glass an uncursed worthless piece of yellow glass Spells and supernatural/magical abilities: Name Level Category Fail Memory W - pray for help -- divine ? -- Your skills at the end: Fighting Skills Weapon Skills dart [Basic] Spellcasting Skills Final Attributes: You were stridently aligned. You were lucky. You are dead. Vanquished creatures: a shrieker an iguana a hobbit a yellow mold a gecko 7 jackals 2 foxes a kobold 2 goblins a grid bug 4 lichens 4 newts 26 creatures vanquished. Voluntary challenges: You never hit with a wielded weapon. You read items or engraved 11 times, starting on turn 489. You never genocided any monsters. You never polymorphed an object. You never changed form. You used no wishes. You never split a pudding. You wrote Elbereth's name 8 times, starting on turn 489. You never violated your personal moral code. Dungeon overview: The Dungeons of Doom: levels 1 to 6 Level 1 an altar to Offler, some fountains, a sink a long staircase Level 2 Level 3 a fountain a long staircase Level 4 a fountain Level 5 a fountain, a sink Level 6 <- You were here History has recorded: On T:1 you entered the Dungeons of Doom to retrieve the Amulet of Yendor! On T:556 you reached level 2 of The Dungeons of Doom. On T:954 you reached level 3 of The Dungeons of Doom. On T:1361 you reached level 4 of The Dungeons of Doom. On T:1678 you reached level 5 of The Dungeons of Doom. On T:1838 you reached level 6 of The Dungeons of Doom. Score breakdown: Gold: 518 ( 9236 points) Experience: 1 level ( 0 points) Exploration: 6 levels ( 12.00%) ( 9583 points) Discoveries: 1 item ( 0.34%) ( 1737 points) Valuables value: (no points given unless you survive) Artifact value: 0 ( 0 points) Variety of kills: 12 monsters ( 3.15%) ( 5324 points) Turncount: 1879 turns ( 0 points) Survival: died (score multiplied by 80%) Total score: 20704 Latest messages: You wipe out the message that was written in the dust here. You write in the dust with your fingers. Something is written here in the dust. You read: "Elbereth". You see no objects here. The iguana turns to flee! The dart misses the iguana. The dart misses the iguana. The dart misses the iguana. The dart hits the iguana! The iguana bites! You die... The sack is empty. Final status: Aloha Zazza the Tourist, killed by an iguana... You died in The Dungeons of Doom on dungeon level 6 with 20704 points, and 1143 pieces of gold, after 1879 moves. You were level 1 with a maximum of 10 hit points when you died.